 Dungeon Crawl Stone Soup version 0.23-a0-516-g0f8c245 (webtiles) character file.

6438 tatocazan the Basher (level 10, -3/65 HPs)
             Began as a Gargoyle Fighter on Dec 5, 2018.
             Was a High Priest of Okawaru.
             Hit by a large rock thrown by a cyclops (17 damage)
             ... on level 11 of the Dungeon.
             The game lasted 00:18:01 (10446 turns).

tatocazan the Basher (Gargoyle Fighter)            Turns: 10446, Time: 00:18:01

Health: -3/65      AC: 27    Str: 20    XL:     10   Next: 99%
Magic:  10/10      EV:  5    Int:  9    God:    Okawaru [*****.]
Gold:   452        SH: 11    Dex: 12    Spells: 9/9 levels left

rFire    . . .     SeeInvis .   E - +5 morningstar
rCold    . . .     Gourm    .   c - +0 shield
rNeg     + . .     Faith    .   w - +0 plate armour
rPois    ∞         Spirit   .   (no helmet)
rElec    +         Reflect  .   a - +0 cloak
rCorr    .         Harm     .   b - +2 pair of gloves
MR       .....                  m - +0 pair of boots
Stlth    ..........             p - amulet of the acrobat
HPRegen  0.20/turn              (no ring)
MPRegen  0.12/turn              (no ring)

@: about to teleport
A: negative energy resistance 1, electricity resistance, unbreathing,
petrification resistance, rot immunity, AC +7
a: Heroism, Finesse, Renounce Religion


You were on level 11 of the Dungeon.
You worshipped Okawaru.
Okawaru was extremely pleased with you.
You were not hungry.

You visited 2 branches of the dungeon, and saw 12 of its levels.

You collected 452 gold pieces.

Inventory:

Hand Weapons
 A - a +3 flail
 E - a +5 morningstar (weapon)
Armour
 a - a +0 cloak (worn)
 b - a +2 pair of gloves (worn)
 c - a +0 shield (worn)
 m - a +0 pair of boots (worn)
 w - a +0 plate armour (worn)
 D - a +0 pair of gloves
Jewellery
 p - an amulet of the acrobat (around neck)
 u - an uncursed amulet of guardian spirit
 H - an uncursed amulet of the gourmand {unknown}
Wands
 h - a wand of iceblast (4)
 q - a wand of random effects (22)
 r - a wand of digging (2)
Scrolls
 e - 13 scrolls of identify
 l - 5 scrolls of fear
 o - 7 scrolls of remove curse
 y - 3 scrolls of teleportation
 z - 3 scrolls of blinking
 C - a scroll of acquirement {unknown}
 F - 3 scrolls of immolation {unknown}
 G - a scroll of fog
 I - a scroll of enchant weapon
 L - a scroll of amnesia
Potions
 d - 3 potions of might
 g - 3 potions of degeneration {unknown}
 i - a potion of invisibility {unknown}
 j - a potion of agility {unknown}
 k - 4 potions of curing {unknown}
 n - a potion of heal wounds
 s - a potion of cancellation {unknown}
 t - a potion of magic {unknown}
 v - 2 potions of mutation {unknown}
 x - 2 potions of haste {unknown}
 B - 2 potions of resistance {unknown}
 J - a potion of lignification {unknown}
Comestibles
 f - 11 rations
 K - 3 chunks of flesh


   Skills:
 + Level 8.6 Fighting
 * Level 10.4 Maces & Flails
 + Level 8.7 Armour
 + Level 8.7 Shields


You had 9 spell levels left.
You didn't know any spells.
Your spell library contained the following spells:

 Spells                   Type           Power        Failure   Level  Hunger
 Beastly Appendage        Tmut           #.....       100%        1    ##.....
 Corona                   Hex            #......      100%        1    ##.....
 Magic Dart               Conj           #...         100%        1    ##.....
 Ensorcelled Hibernation  Hex/Ice        #.....       100%        2    ###....
 Searing Ray              Conj           #.....       100%        2    ###....
 Sticks to Snakes         Tmut           #.......     100%        2    ###....
 Confuse                  Hex            #.......     100%        3    ####...
 Dazzling Spray           Conj/Hex       #.....       100%        3    ####...
 Spider Form              Tmut/Pois      #.........   100%        3    ####...
 Tukima's Dance           Hex            #.......     100%        3    ####...
 Force Lance              Conj/Tloc      #.......     100%        4    #####..
 Fulminant Prism          Conj/Hex       #.........   100%        4    #####..
 Ice Form                 Ice/Tmut       #.......     100%        4    #####..
 Iskenderun's Mystic Bla  Conj           #.......     100%        4    #####..
 Blade Hands              Tmut           #.........   100%        5    ######.


Dungeon Overview and Level Annotations

Branches:
Dungeon (11/15)            Temple (1/1) D:6             Orc (0/2) D:10
   Lair: D:8-11

Altars:
Ashenzari
Cheibriados
Dithmenos
Elyvilon
Fedhas
Gozag
Hepliaklqana
Kikubaaqudgha
Makhleb
Nemelex Xobeh
Okawaru
Qazlal
Ru
Sif Muna
Trog
Uskayaw
Vehumet
Wu Jian
Xom
Yredelemnul
Zin
The Shining One

Shops:
D:6 [   D:10 }


Innate Abilities, Weirdness & Mutations

You are resistant to torment.
Your stone body is resilient. (AC +7)
You are immune to poison.
You resist negative energy. (rN+)
You are resistant to electric shocks. (rElec)
You can survive without breathing.
You are immune to petrification.
You are immune to rotting.


Message History

* * * LOW HITPOINT WARNING * * *
You block the hippogriff's attack.
You take 4 damage, and have 10/65 hp.
You impale the hippogriff!!
You kill the hippogriff!
Okawaru accepts your kill.
Things that are here:
a cursed +0 dagger of protection; a +0 robe You start resting.
Eating one of 4 chunks of flesh.
You eat one of the 4 chunks of flesh.
This raw flesh tastes terrible.
Magic restored.
MP restored: 10 You start resting.
A cyclops comes into view.
You regained 2 hp, and now have 13/65 hp.
As you read the scroll of teleportation, it crumbles to dust.
You feel strangely unstable.
The cyclops shouts!
The cyclops throws a large rock.
The large rock hits you!
You die...

#.......
#.......
######......
..........
#.......#
#.......#
#.......#
#....†(.#
#....[)@#
#...))###
#....)#
#..C).#
#.....#
#.....#
#.....#
.......
........#


You could see a cyclops.

Vanquished Creatures
  Prince Ribbit (D:6)
  A hornet (D:10)
  3 hippogriffs
  A wyvern (D:8)
  A hungry ghost (D:9)
  A warg (D:10)
  Duvessa (D:6)
  A sky beast (D:10)
  2 orc warriors
  4 black bears
  2 phantoms
  A necrophage (D:5)
  2 ogres
  2 centaurs
  A big kobold (D:10)
  2 bullfrogs
  2 gnoll sergeants
  Dowan (D:6)
  5 scorpions
  7 killer bees
  10 wights
  6 electric eels (D:5)
  5 howler monkeys
  8 crimson imps
  5 jellies
  Crazy Yiuf (D:6)
  3 bullfrog skeletons
  3 centaur skeletons
  4 orc priests
  A gnoll shaman (D:7)
  5 hounds
  Jessica (D:2)
  6 iguanas
  8 orc wizards
  7 worker ants
  2 hound skeletons
  A howler monkey zombie (D:5)
  2 worker ant zombies
  19 gnolls
  12 adders
  3 howler monkey skeletons
  4 shadow imps
  2 oozes
  2 adder skeletons
  2 worms
  3 dart slugs
  6 leopard geckos
  37 orcs
  2 ball pythons
  6 bats
  8 giant cockroaches
  8 goblins
  8 hobgoblins
  3 jackals (D:1)
  7 quokkas
  9 frilled lizards
  A jackal skeleton (D:4)
  17 kobolds
  A leopard gecko skeleton (D:5)
  2 quokka skeletons (D:4)
  A quokka zombie (D:7)
  12 rats
294 creatures vanquished.

Vanquished Creatures (others)
  2 orcs (D:5)
  2 giant cockroaches (D:5)
  A plant (D:5)
  4 toadstools (D:1)
9 creatures vanquished.

Grand Total: 303 creatures vanquished

Notes
Turn   | Place    | Note
-------+----------+-------------------------------------------
     0 | D:1      | tatocazan the Gargoyle Fighter began the quest for the Orb.
     0 | D:1      | Reached XP level 1. HP: 14/14 MP: 1/1
    33 | D:1      | Reached XP level 2. HP: 14/19 MP: 2/2
   192 | D:1      | Reached XP level 3. HP: 15/23 MP: 3/3
   625 | D:2      | Noticed Jessica
   641 | D:2      | Killed Jessica
   641 | D:2      | Reached skill level 3 in Maces & Flails
   641 | D:2      | Reached XP level 4. HP: 16/29 MP: 4/4
  1753 | D:2      | Found a faded altar of an unknown god.
  1786 | D:2      | Reached XP level 5. HP: 32/33 MP: 5/5
  1995 | D:2      | Found an iron altar of Okawaru.
  2176 | D:2      | Became a worshipper of Warmaster Okawaru
  2288 | D:3      | Reached skill level 4 in Maces & Flails
  2771 | D:4      | Reached XP level 6. HP: 37/38 MP: 6/6
  3530 | D:4      | Reached XP level 7. HP: 24/44 MP: 7/7
  4005 | D:5      | Entered Level 5 of the Dungeon
  4030 | D:5      | Found a deep blue altar of Sif Muna.
  4034 | D:5      | Found a basalt altar of Yredelemnul.
  4047 | D:5      | Found a shimmering altar of Xom.
  4066 | D:5      | Reached skill level 5 in Maces & Flails
  4081 | D:5      | Reached * piety under Okawaru
  4081 | D:5      | Reached skill level 5 in Armour
  4081 | D:5      | Reached skill level 5 in Shields
  4116 | D:5      | Reached skill level 5 in Fighting
  4832 | D:5      | Reached XP level 8. HP: 49/49 MP: 8/8
  4852 | D:5      | Reached skill level 6 in Maces & Flails
  5435 | D:6      | Found a staircase to the Ecumenical Temple.
  5485 | D:6      | Found Neluper's Antique Armour Shop.
  5547 | D:6      | Found an ornate altar of the Wu Jian Council.
  5547 | D:6      | Noticed Duvessa
  5547 | D:6      | Noticed Dowan
  5582 | D:6      | Killed Duvessa
  5590 | D:6      | Killed Dowan
  5590 | D:6      | Reached ** piety under Okawaru
  5727 | D:6      | Noticed Prince Ribbit
  5878 | D:6      | Reached skill level 7 in Maces & Flails
  5976 | D:6      | Found a runed door.
  5980 | D:6      | Noticed Crazy Yiuf
  5983 | D:6      | Killed Crazy Yiuf
  6091 | D:6      | Killed Prince Ribbit
  6091 | D:6      | Reached XP level 9. HP: 41/56 MP: 9/9
  6688 | Temple   | Entered the Ecumenical Temple
  6819 | D:7      | Reached skill level 8 in Maces & Flails
  7507 | D:8      | Reached *** piety under Okawaru
  7675 | D:8      | Found a shadowy altar of Dithmenos.
  8082 | D:8      | Reached skill level 9 in Maces & Flails
  8082 | D:8      | Reached XP level 10. HP: 52/63 MP: 8/10
  8412 | D:9      | Found a bloodstained altar of Trog.
  8413 | D:9      | Found an ancient bone altar of Kikubaaqudgha.
  8605 | D:9      | Reached **** piety under Okawaru
  9237 | D:10     | Entered Level 10 of the Dungeon
  9257 | D:10     | Found a staircase to the Orcish Mines.
  9654 | D:10     | Reached ***** piety under Okawaru
  9654 | D:10     | Reached skill level 10 in Maces & Flails
  9904 | D:10     | Found Aneri's Gadget Emporium.
 10354 | D:11     | Noticed a purple ugly thing
 10423 | D:11     | Received a gift from Okawaru
 10445 | D:11     | Noticed a cyclops
 10446 | D:11     | Hit by a large rock thrown by a cyclops

Vault maps used:
D:1:      ldierk_walled_garden_2, minmay_pentomino_q4
D:2:      chequers_ecumenical_altar_grove, okawaru_altar_gauntlet_db,
          uniq_jessica
D:3:      first_ration
D:4:      wander_river, minmay_hedge_maze
D:5:      cheibrodos_two_vegetables, xom_confusion_cloud,
          nicolae_overflow_hidden_temple
D:6:      old_standard_altar, minmay_temple_entry_ruins, serial_shops,
          nicolae_shop_crystal, uniq_prince_ribbit1, uniq_crazy_yiuf_cottage,
          uniq_duvessa
D:8:      grunt_dithmenos_smoke, minivault_26
D:9:      gammafunk_temple_overflow_statue
D:10:     david_orc_3, serial_shops, shop
D:11:     lair_entry_dummy
Temple:   minmay_freezing_vapour_temple

Skill      XL: |  1  2  3  4  5  6  7  8  9 10 |
---------------+-------------------------------+-----
Maces & Flails | 3 4 5 7 9 10 | 10.4
Shields        | 4 5 6 7 8 |  8.7
Fighting       | 4 5 6 7 8 |  8.6
Armour         | 4 5 6 7 8 |  8.7

Action                   |  1- 3 |  4- 6 |  7- 9 | 10-12 || total
-------------------------+-------+-------+-------+-------++-------
Melee: Flail             |    83 |   367 |   409 |       ||   859
       Morningstar       |       |       |    63 |   297 ||   360
Invok: Heroism           |       |       |     4 |     3 ||     7
Evoke: Wand              |       |       |     2 |     7 ||     9
  Use: Scroll            |       |     8 |     2 |     2 ||    12
  Eat: Chunk             |       |     9 |    16 |    12 ||    37
Armor: Scale mail        |    67 |   228 |    26 |       ||   321
       Plate armour      |       |       |   266 |   202 ||   468
Dodge: Dodged            |    32 |   167 |   106 |    74 ||   379
Block: Shield            |    49 |   257 |   272 |   190 ||   768

Table legend:
 A = Non-vault XP
 B = Vault XP
 C = Vault XP percentage of total XP
 D = Non-vault monster count
 E = Vault monster count
 F = Vault count percentage of total count
                 A         B        C        D         E       F
            +---------+---------+-------+---------+---------+-------
      Total |    7674 |    1524 |  16.6 |     261 |      33 |  11.2
            +---------+---------+-------+---------+---------+-------
        D:1 |      50 |       5 |   9.1 |      20 |       3 |  13.0
        D:2 |     154 |      50 |  24.5 |      34 |       7 |  17.1
        D:3 |      57 |       0 |   0.0 |      22 |       0 |   0.0
        D:4 |     330 |       0 |   0.0 |      20 |       0 |   0.0
        D:5 |     433 |     711 |  62.2 |      23 |      15 |  39.5
        D:6 |     505 |     547 |  52.0 |      12 |       4 |  25.0
        D:7 |     541 |       0 |   0.0 |      20 |       0 |   0.0
        D:8 |    1444 |       0 |   0.0 |      23 |       0 |   0.0
        D:9 |    1122 |       0 |   0.0 |      21 |       0 |   0.0
       D:10 |    1957 |     211 |   9.7 |      50 |       4 |   7.4
       D:11 |    1081 |       0 |   0.0 |      16 |       0 |   0.0
            +---------+---------+-------+---------+---------+-------
